AA
CLEBURNE RAILROADERS @ TEXAS AIRHOGS
05/11/2072
 
TOP OF THE 1ST
York Revolution batting - Pitching for Road Warriors : RHP Sam Clancy
Pitching: RHP Sam Clancy
Batting: RHB Adam Jenkins 0-0: DOUBLE (Line Drive, 5D, EV 95.0 MPH)
Batting: RHB Mitch Ceballos 0-0: Swinging Strike
0-1: Foul Ball, location: 2F
0-2: Reached via error on a dropped throw from SS, E3 (Groundball, 56, EV 105.0 MPH)
Adam Jenkins to third
Batting: LHB Adrian Prine 0-0: Ball
Mitch Ceballos steals 2nd base
1-0: Called Strike
1-1: Ball
2-1: Called Strike
2-2: Ball
3-2: Base on Balls
Batting: LHB Jose Davila 0-0: Fielders Choice at 2nd, 6-4 (Groundball, 56, EV 78.8 MPH)
Adam Jenkins scores
Mitch Ceballos to third
Batting: RHB Bobby Cordner 0-0: Ball
1-0: Fly out, F7 (Flyball, 7S, EV 89.4 MPH)
Batting: RHB Ray Youkers 0-0: SINGLE (Groundball, 56S, EV 67.5 MPH) (infield hit)
Mitch Ceballos scores
Jose Davila to second
Batting: RHB Gustavo Quintanilla 0-0: Called Strike
0-1: Called Strike
0-2: Ground out 6-3 (Groundball, 6S, EV 71.2 MPH)
Top of the 1st over - 2 runs, 2 hits, 1 error, 2 left on base; York 2 - Road 0
BOTTOM OF THE 1ST
Road Warriors batting - Pitching for York Revolution : RHP Joe Sutton
Pitching: RHP Joe Sutton
Batting: LHB Heath Chason 0-0: Ball
1-0: Swinging Strike
1-1: Swinging Strike
1-2: Ball
2-2: Ball
3-2: SINGLE (Groundball, 25, EV 63.8 MPH) (infield hit)
Batting: LHB Rob Stinson 0-0: Ball
1-0: Foul Ball, location: 2F
1-1: Fielders Choice at 2nd, 3-6 (Groundball, 3, EV 86.9 MPH)
Batting: RHB Tim Ellis 0-0: Called Strike
0-1: Swinging Strike
0-2: Ball
1-2: Strikes out swinging
Batting: RHB Jesse Norris 0-0: Ball
1-0: Foul Ball, location: 2F
1-1: Foul Ball, location: 2F
1-2: Ball
2-2: Ball
3-2: Fly out, F7 (Flyball, 78D, EV 93.1 MPH)
Bottom of the 1st over - 0 runs, 1 hit, 0 errors, 1 left on base; York 2 - Road 0
TOP OF THE 2ND
York Revolution batting - Pitching for Road Warriors : RHP Sam Clancy
Batting: LHB Jeff McCommons 0-0: Ball
1-0: Ball
2-0: Fly out, F4 (Popup, 4M, EV 70.6 MPH)
Batting: RHB Jacob Alexeevsky 0-0: Ball
1-0: Called Strike
1-1: Fly out, F8 (Flyball, 89M, EV 80.6 MPH)
Batting: RHB Adam Jenkins 0-0: Ball
1-0: Fly out, F8 (Flyball, 8RXD, EV 105.6 MPH)
Top of the 2nd over - 0 runs, 0 hits, 0 errors, 0 left on base; York 2 - Road 0
BOTTOM OF THE 2ND
Road Warriors batting - Pitching for York Revolution : RHP Joe Sutton
Batting: RHB Miguel Marroquin 0-0: Called Strike
0-1: SOLO HOME RUN (Flyball, 7LD, EV 94.4 MPH), Distance : 349 ft
Batting: RHB Elias Aviles 0-0: Ball
1-0: Ground out 4-3 (Groundball, 4, EV 86.9 MPH)
Batting: RHB Dean Fleming 0-0: Ball
1-0: Ball
2-0: Called Strike
2-1: Foul Ball, location: 2F
2-2: Fly out, F8 (Flyball, 89M, EV 85.6 MPH)
Batting: SHB Brian Tremmel 0-0: Reached on error, E4 (Groundball, 4M, EV 81.2 MPH)
Batting: RHB Josh Davidson 0-0: Foul Ball, location: 2F
0-1: Called Strike
0-2: Fly out, F4 (Popup, 34S, EV 84.4 MPH)
Bottom of the 2nd over - 1 run, 1 hit, 1 error, 1 left on base; York 2 - Road 1
TOP OF THE 3RD
York Revolution batting - Pitching for Road Warriors : RHP Sam Clancy
Batting: RHB Mitch Ceballos 0-0: Called Strike
0-1: Swinging Strike
0-2: Ball
1-2: SINGLE (Line Drive, 9S, EV 108.8 MPH)
Batting: LHB Adrian Prine 0-0: Foul Ball, location: 2F
0-1: Ball
1-1: Foul Ball, location: 2F
1-2: Ball
2-2: Ball
3-2: Foul Ball, location: 2F
3-2: Foul Ball, location: 2F
3-2: Foul Ball, location: 2F
3-2: Base on Balls
Mitch Ceballos to second
Batting: LHB Jose Davila 0-0: Ground out 5-3 (Groundball, 5L, EV 88.1 MPH)
Mitch Ceballos to third
Adrian Prine to second
Batting: RHB Bobby Cordner 0-0: Fly out, F7 (Flyball, 7LS, EV 81.9 MPH)
Batting: RHB Ray Youkers 0-0: Called Strike
0-1: Ball
1-1: 3-RUN HOME RUN (Line Drive, 7D, EV 98.8 MPH), Distance : 405 ft
Batting: RHB Gustavo Quintanilla 0-0: Ball
1-0: Ball
2-0: Ball
3-0: Base on Balls
Batting: LHB Jeff McCommons 0-0: Fly out, F8 (Flyball, 8LS, EV 86.9 MPH)
Top of the 3rd over - 3 runs, 2 hits, 0 errors, 1 left on base; York 5 - Road 1
BOTTOM OF THE 3RD
Road Warriors batting - Pitching for York Revolution : RHP Joe Sutton
Batting: LHB Heath Chason 0-0: Ball
1-0: SOLO HOME RUN (Flyball, 8LXD, EV 110.0 MPH), Distance : 461 ft
Batting: LHB Rob Stinson 0-0: Called Strike
0-1: SINGLE (Groundball, 4D, EV 99.4 MPH)
Batting: RHB Tim Ellis 0-0: Ball
1-0: Foul Ball, location: 2F
1-1: Ball
2-1: Fielders Choice at 2nd, 4-6 (Groundball, 4MD, EV 85.0 MPH)
Batting: RHB Jesse Norris 0-0: Ball
1-0: Foul Ball, location: 2F
1-1: Ball
2-1: Ball
3-1: Foul Ball, location: 2F
3-2: Foul Ball, location: 2F
3-2: Foul Ball, location: 2F
3-2: Grounds into double play, 4-6-3 (Groundball, 4, EV 101.9 MPH)
Bottom of the 3rd over - 1 run, 2 hits, 0 errors, 0 left on base; York 5 - Road 2
TOP OF THE 4TH
York Revolution batting - Pitching for Road Warriors : RHP Sam Clancy
Batting: RHB Jacob Alexeevsky 0-0: Ball
1-0: Fly out, F7 (Flyball, 7, EV 96.9 MPH)
Batting: RHB Adam Jenkins 0-0: Ball
1-0: Ball
2-0: Foul Ball, location: 2F
2-1: Foul Ball, location: 2F
2-2: Fly out, F9 (Flyball, 89D, EV 98.1 MPH)
Batting: RHB Mitch Ceballos 0-0: Ball
1-0: Swinging Strike
1-1: Foul Ball, location: 2F
1-2: Ball
2-2: Ball
3-2: Ground out 5-3 (Groundball, 5S, EV 65.6 MPH)
Top of the 4th over - 0 runs, 0 hits, 0 errors, 0 left on base; York 5 - Road 2
BOTTOM OF THE 4TH
Road Warriors batting - Pitching for York Revolution : RHP Joe Sutton
Batting: RHB Miguel Marroquin 0-0: Ball
1-0: Foul Ball, location: 2F
1-1: Swinging Strike
1-2: Ball
2-2: Foul Ball, location: 2F
2-2: Ball
3-2: Foul Ball, location: 2F
3-2: Foul Ball, location: 2F
3-2: Strikes out looking
Batting: RHB Elias Aviles 0-0: Called Strike
0-1: Ball
1-1: Ground out U3 (Groundball, 3, EV 108.1 MPH)
Batting: RHB Dean Fleming 0-0: Ball
1-0: Ball
2-0: Ball
3-0: Base on Balls
Batting: SHB Brian Tremmel 0-0: Called Strike
0-1: Fielders Choice at 2nd, 5-4 (Groundball, 56, EV 84.4 MPH)
Bottom of the 4th over - 0 runs, 0 hits, 0 errors, 1 left on base; York 5 - Road 2
TOP OF THE 5TH
York Revolution batting - Pitching for Road Warriors : RHP Sam Clancy
Pitching: RHP Omar Maldonado
Batting: LHB Adrian Prine 0-0: Ball
1-0: Foul Ball, location: 2F
1-1: Ground out 6-3 (Groundball, 56, EV 86.9 MPH)
Batting: LHB Jose Davila 0-0: Ball
1-0: Swinging Strike
1-1: Ground out U3 (Groundball, 3, EV 101.9 MPH)
Batting: RHB Bobby Cordner 0-0: Called Strike
0-1: Called Strike
0-2: SINGLE (Line Drive, 7S, EV 105.0 MPH)
Batting: RHB Ray Youkers 0-0: Ball
1-0: Ball
2-0: Ball
3-0: Called Strike
Balk!
Bobby Cordner to second
3-1: Base on Balls
Batting: RHB Gustavo Quintanilla 0-0: Ball
1-0: Swinging Strike
1-1: Called Strike
1-2: Ball
2-2: Strikes out swinging
Top of the 5th over - 0 runs, 1 hit, 0 errors, 2 left on base; York 5 - Road 2
BOTTOM OF THE 5TH
Road Warriors batting - Pitching for York Revolution : RHP Joe Sutton
Batting: RHB Josh Davidson 0-0: Ball
1-0: Fly out, F9 (Flyball, 9LM, EV 85.0 MPH)
Batting: LHB Heath Chason 0-0: Ball
1-0: Ball
2-0: Fly out, F8 (Flyball, 8LM, EV 88.8 MPH)
Batting: LHB Rob Stinson 0-0: Ground out 4-3 (Groundball, 4, EV 83.1 MPH)
Bottom of the 5th over - 0 runs, 0 hits, 0 errors, 0 left on base; York 5 - Road 2
TOP OF THE 6TH
York Revolution batting - Pitching for Road Warriors : RHP Omar Maldonado
Batting: LHB Jeff McCommons 0-0: Ball
1-0: Ball
2-0: Swinging Strike
2-1: Fly out, F7 (Flyball, 78M, EV 93.1 MPH)
Batting: RHB Jacob Alexeevsky 0-0: Called Strike
0-1: Fly out, F4 (Popup, 4D, EV 53.8 MPH)
Batting: RHB Adam Jenkins 0-0: Ball
1-0: Called Strike
1-1: Fly out, F8 (Flyball, 78XD, EV 83.1 MPH)
Top of the 6th over - 0 runs, 0 hits, 0 errors, 0 left on base; York 5 - Road 2
BOTTOM OF THE 6TH
Road Warriors batting - Pitching for York Revolution : RHP Joe Sutton
Batting: RHB Tim Ellis 0-0: Ball
1-0: Called Strike
1-1: Called Strike
1-2: Strikes out swinging
Batting: RHB Jesse Norris 0-0: Fly out, F4 (Popup, 4M, EV 76.2 MPH)
Batting: RHB Miguel Marroquin 0-0: Ball
1-0: Ball
2-0: Foul Ball, location: 2F
2-1: Ground out 6-3 (Groundball, 6, EV 81.2 MPH)
Bottom of the 6th over - 0 runs, 0 hits, 0 errors, 0 left on base; York 5 - Road 2
TOP OF THE 7TH
York Revolution batting - Pitching for Road Warriors : RHP Omar Maldonado
Batting: RHB Mitch Ceballos 0-0: Fly out, F6 (Line Drive, 6, EV 73.8 MPH)
Batting: LHB Adrian Prine 0-0: Called Strike
0-1: Ball
1-1: Ball
2-1: Foul Ball, location: 2F
2-2: Strikes out swinging
Batting: LHB Jose Davila 0-0: SINGLE (Groundball, 4MD, EV 98.1 MPH)
Pitching: RHP Zachary Krogh
Batting: RHB Bobby Cordner 0-0: Ball
1-0: Called Strike
1-1: Fly out, F4 (Popup, 6M, EV 64.4 MPH)
Top of the 7th over - 0 runs, 1 hit, 0 errors, 1 left on base; York 5 - Road 2
BOTTOM OF THE 7TH
Road Warriors batting - Pitching for York Revolution : RHP Joe Sutton
Batting: RHB Elias Aviles 0-0: SINGLE (Line Drive, 9S, EV 86.9 MPH)
Pitching: RHP Chris Rowlett
Batting: RHB Dean Fleming 0-0: DOUBLE (Line Drive, 7LS, EV 92.5 MPH)
Elias Aviles to third
Batting: SHB Brian Tremmel 0-0: Ball
1-0: Called Strike
1-1: 3-RUN HOME RUN (Flyball, 9D, EV 100.6 MPH), Distance : 372 ft
Batting: RHB Josh Davidson 0-0: Foul Ball, location: 2F
0-1: Foul Ball, location: 2F
0-2: Ball
1-2: Ball
2-2: Ball
3-2: Reached on error, E3 (Groundball, 3S, EV 66.9 MPH)
Batting: LHB Heath Chason 0-0: Ball
1-0: Ball
2-0: Ball
3-0: Called Strike
3-1: Fly out, F7 (Flyball, 78M, EV 81.2 MPH)
Batting: LHB Rob Stinson 0-0: Ball
1-0: Called Strike
1-1: Foul Ball, location: 2F
1-2: Ball
2-2: Strikes out swinging
Batting: RHB Tim Ellis 0-0: SINGLE (Groundball, 34, EV 88.8 MPH) (infield hit)
Josh Davidson to second
Batting: RHB Jesse Norris 0-0: Called Strike
0-1: Ball
1-1: Ball
2-1: Fielders Choice at 2nd, 6-4 (Groundball, 6, EV 96.9 MPH)
Bottom of the 7th over - 3 runs, 4 hits, 1 error, 2 left on base; York 5 - Road 5
TOP OF THE 8TH
York Revolution batting - Pitching for Road Warriors : RHP Zachary Krogh
Batting: RHB Ray Youkers 0-0: Called Strike
0-1: Ball
1-1: Foul Ball, location: 2F
1-2: Ball
2-2: Foul Ball, location: 2F
2-2: Ball
3-2: Foul Ball, location: 2F
3-2: Base on Balls
Batting: RHB Gustavo Quintanilla 0-0: Ball
1-0: Foul Ball, location: 2F
1-1: Grounds into double play, 6-4-3 (Groundball, 6, EV 82.5 MPH)
Batting: LHB Jeff McCommons 0-0: Reached on error, E4 (Groundball, 4S, EV 80.6 MPH)
Batting: RHB Jacob Alexeevsky 0-0: Foul Ball, location: 2F
0-1: Fielders Choice at 2nd, 5-4 (Groundball, 56, EV 106.9 MPH)
Top of the 8th over - 0 runs, 0 hits, 1 error, 1 left on base; York 5 - Road 5
BOTTOM OF THE 8TH
Road Warriors batting - Pitching for York Revolution : RHP Chris Rowlett
Batting: RHB Miguel Marroquin 0-0: Ball
1-0: Fly out, F7 (Flyball, 78S, EV 85.6 MPH)
Batting: RHB Elias Aviles 0-0: Swinging Strike
0-1: Foul Ball, location: 2F
0-2: Strikes out swinging
Batting: RHB Dean Fleming 0-0: Ball
1-0: Called Strike
1-1: SINGLE (Line Drive, 78S, EV 90.6 MPH)
Batting: SHB Brian Tremmel 0-0: Called Strike
0-1: Swinging Strike
0-2: Foul Ball, location: 2F
0-2: Strikes out swinging
Bottom of the 8th over - 0 runs, 1 hit, 0 errors, 1 left on base; York 5 - Road 5
TOP OF THE 9TH
York Revolution batting - Pitching for Road Warriors : RHP Zachary Krogh
Batting: RHB Adam Jenkins 0-0: Called Strike
0-1: Fly out, F4 (Popup, 34, EV 60.0 MPH)
Batting: RHB Mitch Ceballos 0-0: Ground out 5-3 (Groundball, 56, EV 78.8 MPH)
Batting: LHB Adrian Prine 0-0: Called Strike
0-1: Called Strike
0-2: Ball
1-2: Ball
2-2: Foul Ball, location: 2F
2-2: Strikes out swinging
Top of the 9th over - 0 runs, 0 hits, 0 errors, 0 left on base; York 5 - Road 5
BOTTOM OF THE 9TH
Road Warriors batting - Pitching for York Revolution : RHP Chris Rowlett
Pitching: RHP Sam Finn
Batting: RHB Josh Davidson 0-0: Called Strike
0-1: Ball
1-1: Foul Ball, location: 2F
1-2: Ball
2-2: Fly out, F6 (Line Drive, 6, EV 73.1 MPH)
Batting: LHB Heath Chason 0-0: Called Strike
0-1: Called Strike
0-2: Ball
1-2: Ball
2-2: Strikes out looking
Batting: LHB Rob Stinson 0-0: Called Strike
0-1: Swinging Strike
0-2: Strikes out swinging
Bottom of the 9th over - 0 runs, 0 hits, 0 errors, 0 left on base; York 5 - Road 5
TOP OF THE 10TH
York Revolution batting - Pitching for Road Warriors : RHP Zachary Krogh
Pitching: RHP Willie Orduna
Batting: LHB Jose Davila 0-0: Ball
1-0: Ball
2-0: Ground out 4-3 (Groundball, 4S, EV 85.0 MPH)
Batting: RHB Bobby Cordner 0-0: Called Strike
0-1: Foul Ball, location: 2F
0-2: Ball
1-2: Ball
2-2: Foul Ball, location: 2F
2-2: Foul Ball, location: 2F
2-2: Foul Ball, location: 2F
2-2: Foul Ball, location: 2F
2-2: Strikes out swinging
Batting: RHB Ray Youkers 0-0: Called Strike
0-1: Foul Ball, location: 2F
0-2: Strikes out swinging
Top of the 10th over - 0 runs, 0 hits, 0 errors, 0 left on base; York 5 - Road 5
BOTTOM OF THE 10TH
Road Warriors batting - Pitching for York Revolution : RHP Sam Finn
Batting: RHB Tim Ellis 0-0: Called Strike
0-1: Called Strike
0-2: Ball
1-2: Strikes out swinging
Batting: RHB Jesse Norris 0-0: Called Strike
0-1: Foul Ball, location: 2F
0-2: Ball
1-2: Ball
2-2: Ball
3-2: Foul Ball, location: 2F
3-2: Reached on error, E5 (Groundball, 56D, EV 83.8 MPH)
Batting: RHB Miguel Marroquin 0-0: Ball
1-0: Ball
Wild Pitch!
Jesse Norris to second
2-0: Fly out, F9 (Line Drive, 9D, EV 98.1 MPH)
Batting: RHB Elias Aviles 0-0: Ball
1-0: Ball
2-0: Ground out 6-3 (Groundball, 6M, EV 83.8 MPH)
Bottom of the 10th over - 0 runs, 0 hits, 1 error, 1 left on base; York 5 - Road 5
TOP OF THE 11TH
York Revolution batting - Pitching for Road Warriors : RHP Willie Orduna
Batting: RHB Gustavo Quintanilla 0-0: Ball
1-0: DOUBLE (Flyball, 89XD, EV 114.4 MPH)
Batting: LHB Jeff McCommons 0-0: Intentional Walk
Batting: RHB Jacob Alexeevsky 0-0: Fly out, F5 (Popup, 5SF, EV 88.1 MPH)
Batting: RHB Adam Jenkins 0-0: Fly out, F5 (Popup, P, EV 76.2 MPH)
Batting: RHB Mitch Ceballos 0-0: Ball
1-0: Ball
2-0: Called Strike
2-1: Called Strike
2-2: DOUBLE (Flyball, 89XD, EV 98.8 MPH)
Gustavo Quintanilla scores
Jeff McCommons to third
Runner from 3rd tries for Home, SAFE, throw by CF to trailing runner, SAFE at third!
Batting: LHB Adrian Prine 0-0: Called Strike
0-1: Ball
1-1: Ball
2-1: Ball
3-1: Foul Ball, location: 2F
3-2: 2-RUN HOME RUN (Flyball, 7D, EV 98.8 MPH), Distance : 401 ft
Pitching: RHP Aaron Price
Batting: LHB Jose Davila 0-0: SINGLE (Line Drive, 8LS, EV 93.1 MPH)
Batting: RHB Bobby Cordner 0-0: Fly out, F4 (Flyball, 6MD, EV 86.2 MPH)
Top of the 11th over - 4 runs, 4 hits, 0 errors, 1 left on base; York 9 - Road 5
BOTTOM OF THE 11TH
Road Warriors batting - Pitching for York Revolution : RHP Sam Finn
Batting: RHB Dean Fleming 0-0: Ball
1-0: Called Strike
1-1: Ball
2-1: Fly out, F9 (Flyball, 9LD, EV 80.0 MPH)
Batting: SHB Brian Tremmel 0-0: Foul Ball, location: 2F
0-1: Swinging Strike
0-2: Ball
1-2: Strikes out looking
Batting: RHB Josh Davidson 0-0: Ball
1-0: Called Strike
1-1: Ball
2-1: Ball
3-1: Ground out 5-3 (Groundball, 5S, EV 68.1 MPH)
Bottom of the 11th over - 0 runs, 0 hits, 0 errors, 0 left on base; York 9 - Road 5
Thursday, October 21st , 2021 - OOTP Baseball 22.10 Build 79